 Dungeon Crawl Stone Soup version 0.31-a0-868-g674d60d6f7 (webtiles) character file.

Game seed: 3742565123726121588

308 DocEon the Cleaver (level 6, -6/51 HPs)
             Began as a Minotaur Berserker on Oct 11, 2023.
             Was a Believer of Trog.
             Killed from afar by Grinder (8 damage)
             ... with a puff of flame
             ... on level 3 of the Dungeon.
             The game lasted 00:01:40 (1479 turns).

DocEon the Cleaver (Minotaur Berserker)             Turns: 1479, Time: 00:01:40

Health: -6/51      AC:  5    Str: 22    XL:     6   Next: 16%
Magic:  5/5        EV:  8    Int:  4    God:    Trog [**....]
Gold:   87         SH:  0    Dex: 11    Spells: 5/5 levels left

rFire   . . .        a - +0 hand axe
rCold   . . .        (no shield)
rNeg    . . .        i - +0 ring mail
rPois   .            (helmet restricted)
rElec   .            (no cloak)
rCorr   .            (no gloves)
SInv    .            (no boots)
Will    +....        (no amulet)
Stlth   +            c - ring of willpower
HPRegen 0.28/turn    (no ring)
MPRegen 0.09/turn

%: no passive effects
@: on berserk cooldown, slowed, constricted, very slow
A: horns 2, retaliatory headbutt
a: Renounce Religion, Berserk, Trog's Hand


You were on level 3 of the Dungeon.
You worshipped Trog.
Trog was pleased with you.
You visited 1 branch of the dungeon, and saw 3 of its levels.

You collected 137 gold pieces.
You spent 50 gold pieces at shops.

Inventory:

Hand Weapons
 a - a +0 hand axe (weapon)
Armour
 i - a +0 ring mail (worn)
Jewellery
 c - a ring of willpower (left hand)
Wands
 l - a wand of polymorph (4)
Scrolls
 b - a scroll of torment
Potions
 e - a potion of brilliance {unknown}
 f - a potion of enlightenment {unknown}
 g - a potion of haste {unknown}


   Skills:
 - Level 3.6 Fighting
 + Level 8.4 Axes
 - Level 2.4 Armour
 - Level 2.1 Dodging


You had 5 spell levels left.
You didn't know any spells.
Your spell library was empty.

Dungeon Overview and Level Annotations

Branches:
Dungeon (3/15)

Altars:
Yredelemnul

Shops:
D:1 !

Annotations:
D:3 Grinder


Innate Abilities, Weirdness & Mutations

You have a pair of horns on your head.
You reflexively headbutt those who attack you in melee.


Message History

You feel much better. Grinder gestures at you.
You resist with almost no effort. Grinder hits you but does no damage.
As you read the scroll of teleportation, it crumbles to dust.
You feel strangely unstable. Grinder hits you.
You writhe in agony.
You hit Grinder. You headbutt Grinder!
Grinder is moderately wounded.
Grinder grins, showing sharp teeth.
Grinder hits you.
* * * LOW HITPOINT WARNING * * *
You writhe in agony.
* * * LOW HITPOINT WARNING * * *
You hit Grinder. Your headbutt misses Grinder.
Grinder is moderately wounded.
You hit the dart slug.
Grinder blinks!
The dart slug bites you but does no damage.
Found a book of Storms.
Your surroundings seem slightly different.
A ball python comes into view.
Found a stone staircase leading down.
Grinder gestures at you. You resist with some effort.
You see here a book of Storms.
Found a leather armour and a blue potion.
The dart slug launches a dart at you. The slug dart hits you.
* * * LOW HITPOINT WARNING * * *
The dart slug launches a dart at you. The slug dart hits you.
* * * LOW HITPOINT WARNING * * *
The ball python closely misses you. You furiously retaliate!
You headbutt the ball python. The ball python grabs you.
The ball python constricts you.
Grinder zaps a wand.
The puff of flame hits you.
* * * LOW HITPOINT WARNING * * *
The ball python barely misses you. The ball python constricts you.
Grinder grins, showing sharp teeth.
Grinder zaps a wand.
The puff of flame hits you!
You die...
Grinder says, "Now the real fun starts!"

........#....#
.............. #########
#....$..).)... ........#
###.##))).... ........#
#.#........ ........##
##..#......##
........................
........###...w......###
......>@..:.5....#####
........S#.......#
.........####.....
###.....[. ......
#............##.
#........# #...^.!...
#..........


You could see Grinder, a dart slug and a ball python.

Vanquished Creatures
  2 orc priests (D:3)
  Jessica (D:2)
  Terence (D:2)
  An orc wizard (D:3)
  Natasha (thrice) (D:2)
  An iguana (D:3)
  An adder (D:2)
  2 worms (D:2)
  A dart slug (D:2)
  3 orcs (D:3)
  5 endoplasms
  A giant cockroach (D:2)
  6 hobgoblins
  3 jackals (D:2)
  6 kobolds
  2 quokkas (D:1)
  4 ball pythons (D:1)
  6 bats
  2 frilled lizards
  7 goblins
58 creatures vanquished.

Notes
Turn   | Place    | Note
-------+----------+-------------------------------------------
     0 | D:1      | DocEon the Minotaur Berserker began the quest for the Orb.
     0 | D:1      | Reached XP level 1. HP: 19/19 MP: 0/0
     9 | D:1      | Found a faded altar of an unknown god.
    25 | D:1      | Reached skill level 4 in Axes
   136 | D:1      | Reached XP level 2. HP: 22/26 MP: 1/1
   315 | D:1      | Reached skill level 5 in Axes
   381 | D:1      | Reached XP level 3. HP: 29/31 MP: 2/2
   518 | D:1      | Found Hudid Nadu's Distillery.
   521 | D:1      | Bought a potion of heal wounds for 50 gold pieces
   710 | D:2      | Found a basalt altar of Yredelemnul.
   858 | D:2      | Noticed Natasha
   862 | D:2      | Killed Natasha
   862 | D:2      | Reached ** piety under Trog
   863 | D:2      | Reached skill level 6 in Axes
   863 | D:2      | Reached XP level 4. HP: 39/39 MP: 3/3
   932 | D:2      | Noticed Natasha
   936 | D:2      | Killed Natasha
  1022 | D:2      | Noticed Jessica
  1036 | D:2      | Killed Jessica
  1037 | D:2      | Reached XP level 5. HP: 45/45 MP: 4/4
  1051 | D:2      | Noticed Terence
  1055 | D:2      | Killed Terence
  1056 | D:2      | Reached skill level 7 in Axes
  1150 | D:2      | Noticed Natasha
  1156 | D:2      | Killed Natasha
  1448 | D:3      | Noticed Grinder
  1459 | D:3      | Reached skill level 8 in Axes
  1466 | D:3      | Reached XP level 6. HP: 19/51 MP: 5/5
  1479 | D:3      | HP: 2/51 [Grinder/puff of flame (2)]
  1479 | D:3      | Killed from afar by Grinder

Illustrated notes

Levels and vault maps discovered:
D:1:      saegor_arrival_simple_d, layout_rooms, serial_shops,
          nicolae_shop_real_fake_doors, basic_ecumenical_altar,
          dreamdust_wishing_well
D:2:      layout_rooms, basic_altar, nicolae_hexahallways, grunt_ministairs_3,
          kennysheep_generic_room_12, uniq_terence, uniq_jessica, uniq_natasha
D:3:      layout_rooms, nicolae_elyvilon_peaceful_grove, cheibriados_altar_1,
          biasface_ghost_orc_armoury, uniq_grinder

Skill      XL: |  1  2  3  4  5 |
---------------+----------------+-----
Axes           | 4 5 6 8 |  8.4
Fighting       | |  3.6
Armour         | |  2.4
Dodging        | |  2.1

Action                     |  1- 3 |  4- 6 || total
---------------------------+-------+-------++-------
  Melee: Hand axe          |    71 |    64 ||   135
         Headbutt          |    10 |    12 ||    22
         Punch             |     1 |       ||     1
 Invoke: Trog's Hand       |       |     1 ||     1
         Berserk           |       |     1 ||     1
    Use: Scroll            |       |     5 ||     5
         Potion            |       |     1 ||     1
 Armour: Animal skin       |    32 |       ||    32
         Ring mail         |    13 |    60 ||    73
  Dodge: Dodged            |    41 |    34 ||    75

Table legend: (Time is in decaauts)
 A = Elapsed time spent in this place.
 B = Non-inter-level travel time spent in this place.
 C = Inter-level travel time spent in this place.
 D = Time resting spent in this place.
 E = Time spent auto-exploring this place.
 F = Levels seen in this place.
 G = Mean time per level.
                   A        B        C        D        E       F      G
               +--------+--------+--------+--------+--------+-----+--------+
         Total |   1479 |   1427 |     52 |    121 |    970 |   3 |  493.0 |
       Dungeon |   1479 |   1427 |     52 |    121 |    970 |   3 |  493.0 |
               +--------+--------+--------+--------+--------+-----+--------+

Top non-repeatable levels by time:
     D:2: 850 daAuts
     D:1: 599 daAuts
     D:3: 29 daAuts
